 Dungeon Crawl Stone Soup version 0.26-a0-834-g69557b85cc (webtiles) character file.

Game seed: 13431798517662035810

10694 robertstho the Whirler (level 11, 0/81 HPs)
             Began as a Halfling Hunter on Nov 16, 2020.
             Was an Elder of Okawaru.
             Slain by a four-headed hydra (7 damage)
             ... on level 11 of the Dungeon.
             The game lasted 00:22:56 (15225 turns).

robertstho the Whirler (Halfling Hunter)           Turns: 15225, Time: 00:22:56

Health: 0/81       AC:  9    Str: 16    XL:     11   Next: 97%
Magic:  24/24      EV: 17    Int:  9    God:    Okawaru [****..]
Gold:   605        SH:  6    Dex: 16    Spells: 10/10 levels left

rFire    + . .     SeeInvis .   a - +1 hunting sling
rCold    + . .     Faith    .   r - +0 buckler
rNeg     . . .     Spirit   .   D - +0 steam dragon scales
rPois    +         Reflect  .   d - +0 helmet
rElec    +         Harm     .   (no cloak)
rCorr    +         Rampage  .   J - +0 pair of gloves
MR       +....                  G - +0 pair of boots {Fly}
Stlth    ++........             (no amulet)
HPRegen  0.23/turn              A - ring of magical power
MPRegen  0.19/turn              H - ring of protection from magic

@: resistant, flying
A: small, mutation resistance 1
a: Heroism, Renounce Religion, Stop Flying


You were on level 11 of the Dungeon.
You worshipped Okawaru.
Okawaru was greatly pleased with you.
You visited 2 branches of the dungeon, and saw 12 of its levels.
You also visited: Sewer.

You collected 605 gold pieces.

Inventory:

Hand Weapons
 a - a +1 hunting sling (weapon)
 k - a +1 double sword of draining
 u - a +1 short sword of protection
 y - a +2 long sword of electrocution
 N - a +0 falchion of draining
Missiles
 h - 179 stones (quivered)
Armour
 b - a +1 leather armour of fire resistance
 d - a +0 helmet (worn)
 r - a +0 buckler (worn)
 w - a +0 chain mail of cold resistance
 D - +0 steam dragon scales (worn)
 G - a +0 pair of boots of flying (worn)
 J - a +0 pair of gloves (worn)
Jewellery
 A - a ring of magical power (left hand)
 H - a ring of protection from magic (right hand)
Wands
 c - a wand of polymorph (8)
 n - a wand of acid (7)
 x - a wand of enslavement (12)
 F - a wand of iceblast (6)
 M - a wand of disintegration (5)
Scrolls
 e - 2 scrolls of enchant weapon {unknown}
 f - 3 scrolls of blinking {unknown}
 g - 2 scrolls of random uselessness {unknown}
 i - 7 scrolls of amnesia {unknown}
 j - 8 scrolls of remove curse
 l - 2 scrolls of identify
 m - 5 scrolls of immolation
 s - 3 scrolls of fog {unknown}
 v - 2 scrolls of enchant armour {unknown}
 B - a scroll of fear {unknown}
 I - a scroll of silence
Potions
 o - 2 potions of attraction
 q - 2 potions of lignification
 t - a potion of invisibility {unknown}
 z - a potion of flight
 E - a potion of brilliance


   Skills:
 * Level 10.2 Fighting
 + Level 0.1 Long Blades
 * Level 16.3 Slings
 + Level 4.4 Armour
 + Level 4.3 Dodging
 + Level 1.9 Stealth
 + Level 3.1 Shields
 * Level 5.7 Invocations
 + Level 0.3 Evocations


You had 10 spell levels left.
You didn't know any spells.
Your spell library contained the following spells:

 Spells                   Type           Power        Failure   Level
 Confusing Touch          Hex            #.......     83%         3
 Gell's Gravitas          Tloc           #.........   83%         3
 Petrify                  Tmut/Erth      #.......     99%         4
 Metabolic Englaciation   Hex/Ice        #.........   100%        5
 Yara's Violent Unravell  Hex/Tmut       #.........   100%        5


Dungeon Overview and Level Annotations

Branches:
Dungeon (11/15)            Temple (1/1) D:4            Lair (0/6) D:11
  Sewer (visited)
    Orc: D:9-12

Altars:
Ashenzari
Cheibriados
Dithmenos
Elyvilon
Fedhas
Gozag
Hepliaklqana
Kikubaaqudgha
Makhleb
Nemelex Xobeh
Okawaru
Qazlal
Ru
Sif Muna
Trog
Uskayaw
Vehumet
Wu Jian
Xom
Yredelemnul
Zin
The Shining One

Shops:
D:6 *   D:7 *


Innate Abilities, Weirdness & Mutations

You are small and have problems with some larger weapons.
You are somewhat resistant to further mutation.


Message History

* * * LOW HITPOINT WARNING * * *
Okay, then.
Evoke which item? (* to show all) (? for menu, Esc to quit)
Aiming: Disintegrate
Press: ? - help, Shift-Dir - straight line, f/p - four-headed hydra
Aim: a four-headed hydra (severely wounded, covered in acid, chance to defeat MR: 32%)
The four-headed hydra easily resists.
The four-headed hydra barely misses you.
The four-headed hydra bites you.
* * * LOW HITPOINT WARNING * * *
The four-headed hydra closely misses you. x2
Evoke which item? (* to show all) (? for menu, Esc to quit)
Aiming: Disintegrate
Press: ? - help, Shift-Dir - straight line, f/p - four-headed hydra
Aim: a four-headed hydra (severely wounded, covered in acid, chance to defeat MR: 32%)
The four-headed hydra easily resists.
The four-headed hydra bites you but does no damage.
The four-headed hydra completely misses you.
The four-headed hydra bites you!
You die...

#.....(##....#####....>
##....(......(.........
##....................
##....(......()......
###..(#...# ......
##....(((# ......
###.....#(!..(........
##.....D.##(...(.......
#.....@..# .((((.......
##........# .((.(......
#######.........#
..((.......
#.÷.............# ..##
..#. ##)#####.........#
''# ###. ##.÷†##
###.......# . ##P....##
#.......#
#PPP....####...#....+
#PPP....#.....###.#.+


You could see a four-headed hydra (corroded).

Vanquished Creatures
  A two-headed ogre (D:9)
  Urug (D:10)
  Pikel (D:4)
  An ugly thing (D:11)
  A manticore (D:11)
  4 molten gargoyles (D:10)
  Maggie (D:7)
  A komodo dragon (D:11)
  A kobold demonologist (D:11)
  A troll (D:9)
  A hornet (D:9)
  A meliai zombie (D:11)
  A yak (D:11)
  2 wraiths
  A human (D:2)
  Menkaure (D:7)
  A water moccasin (D:10)
  A sky beast (D:5)
  A black bear (D:11)
  A hornet zombie (D:10)
  2 orc warriors
  An ice beast (D:8)
  A necrophage (D:11)
  6 ogres
  A phantom (D:8)
  3 centaurs
  A lemure (D:4)
  7 bullfrogs
  A wyvern zombie (D:7)
  A wyvern skeleton (D:8)
  A scorpion (D:8)
  15 killer bees
  9 wights (D:9)
  2 howler monkeys
  A bullfrog zombie (D:6)
  A quasit (D:9)
  6 hounds
  A jelly (D:7)
  6 orc priests
  8 orc wizards
  A bullfrog skeleton (D:5)
  2 centaur skeletons
  6 iguanas
  Natasha (twice) (D:3)
  7 worker ants
  2 hound skeletons (D:4)
  Robin (D:4)
  A worker ant zombie (D:8)
  8 adders
  7 gnolls
  2 howler monkey skeletons
  A shadow imp (D:5)
  3 white imps
  An ufetubus (D:6)
  12 oozes
  2 adder skeletons
  2 worms
  2 dart slugs
  22 leopard geckos
  44 orcs
  9 ball pythons (Sewer)
  24 giant cockroaches
  14 hobgoblins
  9 jackals
  10 kobolds
  4 quokkas
  4 bats
  10 frilled lizards
  13 goblins
  2 jackal skeletons
  A jackal zombie (D:2)
  7 rats
333 creatures vanquished.

Vanquished Creatures (others)
  4 plants (D:11)
4 creatures vanquished.

Grand Total: 337 creatures vanquished

Notes
Turn   | Place    | Note
-------+----------+-------------------------------------------
     0 | D:1      | robertstho the Halfling Hunter began the quest for the Orb.
     0 | D:1      | Reached XP level 1. HP: 14/14 MP: 1/1
    22 | D:1      | Reached skill level 6 in Slings
    89 | D:1      | Reached XP level 2. HP: 19/19 MP: 2/2
   398 | D:1      | Reached XP level 3. HP: 24/24 MP: 3/3
   848 | D:2      | Found a runed translucent door.
   848 | D:2      | Noticed a human
   907 | D:2      | Reached skill level 7 in Slings
   999 | D:2      | Reached XP level 4. HP: 29/29 MP: 4/4
  1128 | D:2      | Found a stormy altar of Qazlal.
  1524 | D:2      | Found a basalt altar of Yredelemnul.
  1576 | D:2      | Killed a human
  1577 | D:2      | Reached skill level 9 in Slings
  1577 | D:2      | Reached XP level 5. HP: 15/36 MP: 5/5
  1577 | D:2      | Reached XP level 6. HP: 18/41 MP: 6/6
  1807 | D:3      | Found a glowing drain.
  1886 | Sewer    | Entered a sewer
  1895 | Sewer    | Reached skill level 1 in Armour
  2719 | D:3      | Reached XP level 7. HP: 46/46 MP: 7/7
  2903 | D:3      | Noticed Natasha
  2907 | D:3      | Killed Natasha
  2908 | D:3      | Reached skill level 10 in Slings
  3297 | D:3      | Noticed Natasha
  3302 | D:3      | Killed Natasha
  3422 | D:4      | Noticed Robin
  3442 | D:4      | Killed Robin
  3905 | D:4      | Noticed Pikel
  3939 | D:4      | Killed Pikel
  3940 | D:4      | Reached skill level 11 in Slings
  3940 | D:4      | Reached XP level 8. HP: 32/54 MP: 8/8
  4227 | D:4      | Found an iron altar of Okawaru.
  4245 | D:4      | Reached skill level 12 in Slings
  4380 | D:4      | Reached skill level 5 in Fighting
  4688 | D:4      | Found a staircase to the Ecumenical Temple.
  4702 | Temple   | Entered the Ecumenical Temple
  4933 | D:4      | Became a worshipper of Warmaster Okawaru
  4945 | D:5      | Entered Level 5 of the Dungeon
  5433 | D:5      | Reached XP level 9. HP: 61/61 MP: 9/9
  5502 | D:5      | Reached skill level 1 in Invocations
  5515 | D:5      | Reached skill level 1 in Shields
  5826 | D:5      | Found a shadowy altar of Dithmenos.
  6213 | D:6      | Found a broken altar of Ashenzari.
  6386 | D:6      | Reached skill level 13 in Slings
  6388 | D:6      | Reached * piety under Okawaru
  6437 | D:6      | Found a blossoming altar of Fedhas.
  6772 | D:6      | Found Royggapn's Assorted Antiques.
  6861 | D:6      | Found a blossoming altar of Fedhas.
  6861 | D:6      | Found a shimmering blue altar of Sif Muna.
  6866 | D:6      | Found a faded altar of an unknown god.
  6869 | D:6      | Found a burning altar of Makhleb.
  6871 | D:6      | Found a faded altar of an unknown god.
  6922 | D:7      | Found a snail-covered altar of Cheibriados.
  6967 | D:7      | Found Ereghuus's Assorted Antiques.
  6969 | D:7      | Found an ancient bone altar of Kikubaaqudgha.
  6969 | D:7      | Noticed Maggie
  6984 | D:7      | Found a shimmering altar of Xom.
  6988 | D:7      | Noticed an angel
  7259 | D:7      | Killed Maggie
  7519 | D:7      | Found a glowing silver altar of Zin.
  7711 | D:7      | Reached XP level 10. HP: 71/71 MP: 10/12
  7840 | D:7      | Noticed Menkaure
  7853 | D:7      | Killed Menkaure
  7853 | D:7      | Reached ** piety under Okawaru
  8726 | D:8      | Reached skill level 14 in Slings
  9261 | D:8      | Found a sparkling altar of Nemelex Xobeh.
  9848 | D:9      | Noticed a two-headed ogre
  9876 | D:9      | Killed a two-headed ogre
  9876 | D:9      | Reached *** piety under Okawaru
  9877 | D:9      | Reached skill level 15 in Slings
 10109 | D:9      | Paralysed by a hornet for 3 turns
 10126 | D:9      | Paralysed by a hornet for 2 turns
 10127 | D:9      | HP: 3/73 [hornet (2)]
 10128 | D:9      | HP: 1/73 [poisoned by a hornet]
 10136 | D:9      | Reached XP level 11. HP: 30/78 MP: 12/14
 11523 | D:10     | Entered Level 10 of the Dungeon
 11542 | D:10     | Noticed a two-headed ogre
 11901 | D:10     | Noticed Urug
 11936 | D:10     | Killed Urug
 11937 | D:10     | Reached skill level 5 in Invocations
 12566 | D:10     | Reached **** piety under Okawaru
 13775 | D:10     | Received a gift from Okawaru
 14279 | D:11     | Noticed a four-headed hydra
 14557 | D:11     | Noticed a manticore
 14620 | D:11     | Noticed a brown ugly thing
 14669 | D:11     | Reached skill level 10 in Fighting
 14669 | D:11     | Reached skill level 16 in Slings
 14676 | D:11     | Found a staircase to the Lair.
 14700 | D:11     | Received a gift from Okawaru
 15072 | D:11     | Killed a manticore
 15205 | D:11     | Killed a brown ugly thing
 15225 | D:11     | Slain by a four-headed hydra

Illustrated notes

Levels and vault maps discovered:
D:1:      minmay_arrival_doors, layout_basic
D:2:      layout_loops_ring, overflow_temple_1_default, dk_yredelemnul_ordeal
D:3:      layout_basic, portal_sewer_entry_f, kennysheep_potato, uniq_natasha
D:4:      layout_cave_pods, kennysheep_little_box,
          minmay_temple_entry_butterflies, nrook_mini_vaults,
          grunt_decor_clamped, kennysheep_generic_room_8, uniq_robin, uniq_pikel
D:5:      layout_basic, lemuel_coloured_pillars_altar
D:6:      layout_gridville, ashenzari_altar_1,
          chequers_temple_overflow_minitemple, serial_shops,
          nicolae_shop_crystal, grunt_ministairs_2, minmay_misc_feat_chi,
          minmay_misc_feat_plants, fedhas_ov_isle_minmay
D:7:      layout_loops_ring, grunt_temple_overflow_order_and_chaos_1,
          slow_altar_1, lemuel_crystal_altar, serial_shops,
          nicolae_shop_statue_plus, uniq_maggie, uniq_menkaure
D:8:      layout_gridville, marbit_many_paths
D:9:      layout_basic
D:10:     layout_cave_pods, minmay_holes, minivault_8, uniq_urug
D:11:     layout_cave_pools, david_lair_shrubbed, lightli_fourway_metalbox
Temple:   jpeg_temple_alley_garden

Skill      XL: |  1  2  3  4  5  6  7  8  9 10 11 |
---------------+----------------------------------+-----
Slings         | 6 7 9 11 12 13 15 16 | 16.3
Fighting       | 2 3 4 5 7 8 10 | 10.2
Armour         | 1 2 3 4 |  4.4
Invocations    | 2 4 5 |  5.7
Shields        | 1 3 |  3.1
Dodging        | 3 4 |  4.3
Long Blades    | |  0.1
Stealth        | |  1.9
Evocations     | |  0.3

Action                   |  1- 3 |  4- 6 |  7- 9 | 10-12 || total
-------------------------+-------+-------+-------+-------++-------
Melee: Short sword       |       |       |     3 |       ||     3
       Falchion          |       |       |       |     5 ||     5
       Long sword        |       |       |       |     3 ||     3
 Fire: Hunting sling     |    91 |   210 |   600 |   843 ||  1744
Invok: Heroism           |       |       |     2 |    17 ||    19
Evoke: Wand              |       |       |       |     9 ||     9
  Use: Scroll            |       |     6 |     5 |     6 ||    17
       Potion            |       |       |     6 |    12 ||    18
Armor: Leather armour    |     1 |       |    15 |       ||    16
       Chain mail        |    17 |    25 |    56 |    82 ||   180
       Steam dragon scal |       |       |       |    23 ||    23
Dodge: Dodged            |    19 |    39 |    66 |   267 ||   391
Block: Buckler           |       |       |    34 |   121 ||   155
       Rpst.: Long sword |       |       |       |     2 ||     2

Table legend: (Time is in decaauts)
 A = Elapsed time spent in this place.
 B = Non-inter-level travel time spent in this place.
 C = Inter-level travel time spent in this place.
 D = Time resting spent in this place.
 E = Time spent auto-exploring this place.
 F = Levels seen in this place.
 G = Mean time per level.
                   A        B        C        D        E       F      G
               +--------+--------+--------+--------+--------+-----+--------+
         Total |  14667 |  13925 |    742 |   2234 |   9393 |  13 | 1128.2 |
       Dungeon |  13870 |  13165 |    705 |   2234 |   8833 |  11 | 1260.9 |
        Temple |    182 |    145 |     37 |      0 |    145 |   1 |  182.0 |
         Sewer |    614 |    614 |      0 |      0 |    414 |   1 |  614.0 |
               +--------+--------+--------+--------+--------+-----+--------+

Top non-repeatable levels by time:
     D:9: 2826 daAuts
    D:10: 2122 daAuts
     D:4: 1656 daAuts
     D:7: 1345 daAuts
     D:3: 1031 daAuts
     D:8: 1010 daAuts
     D:2: 955 daAuts
     D:5: 872 daAuts
     D:1: 804 daAuts
     D:6: 630 daAuts
   Sewer: 614 daAuts
    D:11: 614 daAuts
  Temple: 182 daAuts
